 Dungeon Crawl Stone Soup version 0.19-a0-13-gc67dc5e (console) character file.

389 Kenran the Ruffian (level 6, -16/37 HPs)
             Began as a Gargoyle Monk on Apr 29, 2016.
             Demolished by an orc warrior
             ... wielding a cursed +0 trident
              (19 damage)
             ... on level 5 of the Dungeon.
             The game lasted 00:09:18 (3793 turns).

Kenran the Ruffian (Gargoyle Monk)                  Turns: 3793, Time: 00:09:20

Health: -16/37     AC: 10    Str: 15    XL:     6   Next: 79%
Magic:  6/6        EV: 11    Int: 10    God:
Gold:   234        SH:  0    Dex: 14    Spells: 0 memorised, 5 levels left

rFire  . . .     SeeInvis .       - Unarmed
rCold  . . .     Gourm    .     l - +0 ring mail
rNeg   + . .     Faith    .     (no shield)
rPois  ∞         Spirit   .     o - +0 helmet
rElec  +         Dismiss  .     (no cloak)
rCorr  .         Reflect  .     (no gloves)
SustAt .         Harm     .     (no boots)
MR     .....                    (no amulet)
Stlth  +.........               (no ring)
                                (no ring)

@: not resistant to hostile enchantments, very unstealthy
A: negative energy resistance 1, electricity resistance, unbreathing,
petrification resistance, rot immunity, AC +4
a: no special abilities


You were on level 5 of the Dungeon.
You were not hungry.

You visited 1 branch of the dungeon, and saw 5 of its levels.

You collected 234 gold pieces.

Inventory:

Armour
 l - a +0 ring mail (worn)
 o - a +0 helmet (worn)
 p - a +0 pair of boots
Scrolls
 c - 2 scrolls of identify
 e - a scroll of fog
 g - a scroll of blinking
 h - 4 scrolls of remove curse {unknown}
 i - a scroll of magic mapping {unknown}
 j - a scroll of teleportation {unknown}
 m - a scroll of recharging {unknown}
 n - 3 scrolls of enchant armour {unknown}
Potions
 a - a potion of curing {unknown}
 d - 2 potions of degeneration {unknown}
 k - a potion of flight {unknown}
Comestibles
 b - 2 bread rations
 f - 4 chunks of flesh


   Skills:
 - Level 3.2 Fighting
 - Level 2.4 Dodging
 - Level 2.1 Stealth
 + Level 7.9 Unarmed Combat


You had 5 spell levels left.
You didn't know any spells.

Dungeon Overview and Level Annotations

Branches:
Dungeon (5/15)
 Temple: D:4-7

Altars:


Innate Abilities, Weirdness & Mutations

You are resistant to torment.
Your stone body is resilient (AC +4).
You are immune to poison.
You resist negative energy.
You are resistant to electric shocks.
You can survive without breathing.
You are immune to petrification.
You are immune to rotting.


Message History

You butcher the orc corpse.
f - 4 chunks of flesh
Things that are here:
a mace; a chain mail You start resting.
An orc warrior comes into view. It is wielding a trident.
The orc warrior shouts!
The orc warrior hits you from afar with a trident!
An orc comes into view.
An orc priest comes into view. It is wielding a club.
The orc priest shouts!
The orc shouts!
The orc priest looks braver for a moment.
The orc warrior closely misses you.
You completely miss the orc warrior.
The orc priest mumbles some strange prayers to Beogh against you.
Beogh smites you!
* * * LOW HITPOINT WARNING * * *
The orc warrior hits you with a trident!!
Ouch! That really hurt!
You die...

##............#
##..........##
#..........#
##........##
#.....o...
##........#
##...o##...#
#.o..## #...
##@..## ...
##...## ..
##...## ##)..##
######.)(## ...
#.(....)## ...#
#.##....# #..#
#[.....## ...#
####....###
...#


You could see an orc warrior, an orc priest and an orc.

Vanquished Creatures
  A howler monkey (D:5)
  2 hounds (D:5)
  A centaur skeleton (D:5)
  An orc priest (D:3)
  2 orc wizards
  A gnoll (D:1)
  8 adders
  3 oozes
  4 worms
  2 dart slugs (D:1)
  A giant gecko (D:3)
  11 orcs
  A ball python (D:1)
  2 giant cockroaches
  4 goblins
  2 hobgoblins
  2 kobolds
  A quokka (D:3)
  3 bats (D:1)
  2 giant newts
  6 rats
60 creatures vanquished.

Notes
Turn   | Place    | Note
--------------------------------------------------------------
     0 | D:1      | Kenran the Gargoyle Monk began the quest for the Orb.
     0 | D:1      | Reached XP level 1. HP: 14/14 MP: 1/1
   184 | D:1      | Reached XP level 2. HP: 9/19 MP: 2/2
   575 | D:1      | Reached skill level 5 in Unarmed Combat
   575 | D:1      | Reached XP level 3. HP: 7/23 MP: 3/3
  1260 | D:2      | HP: 1/23 [worm (6)]
  1397 | D:2      | Reached XP level 4. HP: 10/28 MP: 4/4
  2362 | D:3      | Reached skill level 6 in Unarmed Combat
  2581 | D:3      | Reached XP level 5. HP: 29/32 MP: 5/5
  3215 | D:4      | Noticed an ogre
  3443 | D:5      | Entered Level 5 of the Dungeon
  3459 | D:5      | Reached skill level 7 in Unarmed Combat
  3459 | D:5      | Reached XP level 6. HP: 21/37 MP: 6/6
  3788 | D:5      | Noticed an orc warrior
  3793 | D:5      | Demolished by an orc warrior

Vault maps used:
D:1:      dpeg_arrival_water_fire
D:3:      first_bread
D:4:      serial_bayou_pond_d, gammafunk_pakellas_spire_experiment
D:5:      minmay_misc_feat_chi

Skill      XL: |  1  2  3  4  5 |
---------------+----------------+-----
Unarmed Combat | 5 6 7 |  7.9
Fighting       | |  3.2
Dodging        | |  2.4
Stealth        | |  2.1

Action                   |  1- 3 |  4- 6 || total
-------------------------+-------+-------++-------
Melee: Unarmed           |    84 |   214 ||   298
       Punch             |     3 |     5 ||     8
  Use: Scroll            |       |     3 ||     3
 Stab: Sleeping          |     3 |     1 ||     4
  Eat: Chunk             |     1 |     8 ||     9
Armor: Robe              |    14 |       ||    14
       Ring mail         |    11 |    99 ||   110
Dodge: Dodged            |    36 |   129 ||   165
